 Dungeon Crawl Stone Soup version 0.25.1-2-g60ff931df9 (webtiles) character file.

Game seed: 7853874056957565229

22936 Delamore the Basher (level 13, -11/84 HPs)
             Began as a Gargoyle Fighter on Aug 19, 2020.
             Was a High Priest of Okawaru.
             Mangled by a death yak (15 damage)
             ... on level 5 of the Lair of Beasts.
             The game lasted 00:15:42 (17799 turns).

Delamore the Basher (Gargoyle Fighter)             Turns: 17799, Time: 00:15:42

Health: -11/84     AC: 26    Str: 24    XL:     13   Next: 3%
Magic:  12/13      EV:  6    Int: 10    God:    Okawaru [*****.]
Gold:   697        SH: 13    Dex:  9    Spells: 12/12 levels left

rFire    . . .     SeeInvis .   w - +0 whip (freeze)
rCold    + . .     Gourm    .   c - +0 kite shield
rNeg     + . .     Faith    .   r - +0 plate armour {rPois}
rPois    ∞         Spirit   .   g - +2 hat
rElec    +         Reflect  .   (no cloak)
rCorr    .         Harm     .   x - +0 pair of gloves
MR       +....                  K - +1 pair of boots {Stlth+}
Stlth    ..........             (no amulet)
HPRegen  0.24/turn              B - ring of Fycuhues {rPois MR+}
MPRegen  0.13/turn              H - ring of protection from cold

@: mighty
A: negative energy resistance 1, electricity resistance, unbreathing,
petrification resistance, rot immunity, AC +9
a: Heroism, Finesse, Renounce Religion


You were on level 5 of the Lair of Beasts.
You worshipped Okawaru.
Okawaru was extremely pleased with you.
You were near starving.

You visited 3 branches of the dungeon, and saw 15 of its levels.

You collected 697 gold pieces.

Inventory:

Hand Weapons
 a - a +0 flail
 w - a +0 whip of freezing (weapon)
 y - a +1 whip of electrocution
Missiles
 O - a throwing net (quivered)
Armour
 c - a +0 kite shield (worn)
 g - a +2 hat (worn)
 r - a +0 plate armour of poison resistance (worn)
 x - a +0 pair of gloves (worn)
 K - a +1 pair of boots of stealth (worn)
Jewellery
 B - the ring of Fycuhues (left hand) {rPois MR+}
   (You found it on level 8 of the Dungeon)

   [ring of poison resistance]

   It protects you from poison.
   It affects your resistance to hostile enchantments.
 F - an uncursed ring of positive energy
 H - a ring of protection from cold (right hand)
Wands
 o - a wand of iceblast (7)
 u - a wand of polymorph (5)
 C - a wand of disintegration (12)
 I - a wand of acid (6)
 P - a wand of enslavement (7)
Scrolls
 b - a scroll of enchant weapon
 e - 2 scrolls of blinking
 j - 4 scrolls of remove curse
 k - 2 scrolls of fog
 p - 2 scrolls of immolation
 s - 2 scrolls of teleportation
 z - 4 scrolls of enchant armour
 A - a scroll of noise
 E - 2 scrolls of vulnerability
 G - 2 scrolls of magic mapping
 J - 4 scrolls of random uselessness
 L - a scroll of fear {unknown}
 M - a scroll of holy word
 N - a scroll of amnesia {unknown}
Potions
 d - 2 potions of might
 h - 3 potions of stabbing
 i - 4 potions of haste
 l - 2 potions of invisibility
 m - 2 potions of lignification {unknown}
 q - a potion of ambrosia
 t - 3 potions of degeneration
 v - 2 potions of cancellation {unknown}
 Q - a potion of flight {unknown}
Comestibles
 f - 18 rations


   Skills:
 + Level 11.0 Fighting
 - Level 14.0 Maces & Flails
 - Level 3.2 Armour
 + Level 13.9 Shields


You had 12 spell levels left.
You didn't know any spells.
Your spell library contained the following spells:

 Spells                   Type           Power        Failure   Level  Hunger
 Summon Small Mammal      Summ           #...         100%        1    ##.....
 Call Imp                 Summ           #.......     100%        2    ###....
 Call Canine Familiar     Summ           #.......     100%        3    ####...
 Confusing Touch          Hex            #.......     100%        3    ####...
 Gell's Gravitas          Tloc           #.........   100%        3    ####...
 Summon Guardian Golem    Hex/Summ       #.......     100%        3    ####...
 Petrify                  Tmut/Erth      #.......     100%        4    #####..
 Summon Ice Beast         Ice/Summ       #.......     100%        4    #####..
 Summon Lightning Spire   Summ/Air       #.......     100%        4    #####..
 Metabolic Englaciation   Hex/Ice        #.........   100%        5    ######.
 Yara's Violent Unravell  Hex/Tmut       #.........   100%        5    ######.


Dungeon Overview and Level Annotations

Branches:
Dungeon (8/15)             Temple (1/1) D:5            Lair (6/6) D:8
  Swamp (0/4) Lair:3       Spider (0/4) Lair:2
  Slime: Lair:5-6

Altars:
Ashenzari
Cheibriados
Elyvilon
Fedhas
Gozag
Hepliaklqana
Kikubaaqudgha
Makhleb
Nemelex Xobeh
Okawaru
Qazlal
Ru
Sif Muna
Trog
Uskayaw
Vehumet
Wu Jian
Xom
Zin
The Shining One

Shops:
D:5 (

Annotations:
Lair:1 1 runed translucent door, infcreate's ghost, journeyman DsAK


Innate Abilities, Weirdness & Mutations

You are resistant to torment.
Your stone body is resilient. (AC +9)
You are immune to poison.
You resist negative energy. (rN+)
You are resistant to electric shocks. (rElec)
You can survive without breathing.
You are immune to petrification.
You are immune to rotting.


Message History

* * * LOW HITPOINT WARNING * * *
A mysterious force pulls you upwards. The hatch slams shut behind you.
You barely miss the death yak. You hit the death yak. You freeze the death yak.
The death yak is lightly wounded.
The death yak gores you but does no damage.
You whack the death yak! You freeze the death yak.
The death yak is moderately wounded.
The ice encasing you melts away.
You barely miss the death yak.
The death yak is moderately wounded.
The death yak gores you!
* * * LOW HITPOINT WARNING * * *
Okay, then.
You hit the death yak. You freeze the death yak.
The death yak is moderately wounded.
You whack the death yak! You freeze the death yak.
The death yak is moderately wounded.
The death yak gores you!
You die...

.#.....#♣♣♣ ♣....♣♣♣###.......#
..........♣ ♣♣[...♣♣P..........#
..........♣♣♣....♣P♣♣.........P#
..........♣♣P.).♣♣♣P♣.........##
.....##.#♣♣♣..)♣♣ P♣♣##...#....#
..######.# ♣....♣♣♣P♣ #.###...##
...### ##♣♣♣......(P♣###.#....#
.....###♣#♣P..........#.......#
..........♣♣♣...@...).........#
..........♣ ♣♣..Y.............#
..........♣♣ ♣.P..............##
.#...#...♣.♣♣P♣...........#....##
#.##.###.#.♣♣PP♣♣♣♣...####......#
#....##..P.♣♣P♣ ♣P...##......##
............P♣ ♣P♣♣...........#
............♣PP♣ #♣ ♣.........P##
...........(♣♣♣$# ♣..(......##


You could see a death yak.

Vanquished Creatures
  6 hydras
  A death yak (Lair:6)
  Pikel (D:5)
  7 elephants
  4 black mambas
  Maggie (D:6)
  6 spiny frogs
  2 komodo dragons
  Prince Ribbit (D:6)
  4 hippogriffs
  4 blink frogs (Lair:3)
  A wyvern (Lair:4)
  28 yaks
  A redback (Lair:2)
  A basilisk (Lair:5)
  2 hungry ghosts
  10 porcupines
  7 water moccasins
  2 orc warriors (D:8)
  A black bear (D:7)
  2 ogres
  An ice beast (D:8)
  4 wolves (Lair:1)
  4 centaurs
  10 crocodiles
  A big kobold (D:8)
  6 bullfrogs
  A water moccasin zombie (D:6)
  A wyvern skeleton (D:6)
  2 scorpions
  6 killer bees
  2 howler monkeys (D:7)
  2 centaur zombies
  2 hounds
  A bullfrog skeleton (D:5)
  An iguana (D:7)
  6 orc wizards
  6 worker ants
  A howler monkey zombie (D:5)
  6 gnolls
  8 adders
  An ooze (D:4)
  2 adder skeletons (D:7)
  A worm (D:5)
  A dart slug (D:2)
  4 leopard geckos
  20 orcs
  2 ball pythons
  11 bats
  2 giant cockroaches
  11 hobgoblins
  13 jackals
  11 kobolds
  2 quokkas
  A ball python zombie (D:6)
  9 frilled lizards
  11 goblins
  3 quokka zombies
  3 rats (D:1)
271 creatures vanquished.

Vanquished Creatures (others)
  A slave (D:5)
  An iguana (D:5)
  A worker ant (D:5)
  A leopard gecko (D:5)
  An orc (D:6)
  3 jackals (D:5)
  12 fungi
  3 plants
23 creatures vanquished.

Grand Total: 294 creatures vanquished

Notes
Turn   | Place    | Note
-------+----------+-------------------------------------------
     0 | D:1      | Delamore the Gargoyle Fighter began the quest for the Orb.
     0 | D:1      | Reached XP level 1. HP: 14/14 MP: 1/1
   209 | D:1      | Reached XP level 2. HP: 19/19 MP: 2/2
   243 | D:1      | Reached skill level 3 in Maces & Flails
   477 | D:1      | Reached XP level 3. HP: 22/23 MP: 3/3
  1225 | D:2      | Reached skill level 4 in Maces & Flails
  1230 | D:2      | Reached XP level 4. HP: 6/28 MP: 4/4
  2020 | D:3      | Found a shattered altar of Ashenzari.
  2178 | D:3      | Reached skill level 5 in Maces & Flails
  2198 | D:3      | Reached XP level 5. HP: 31/32 MP: 5/5
  3218 | D:3      | Reached skill level 6 in Maces & Flails
  3218 | D:3      | Reached XP level 6. HP: 16/37 MP: 6/6
  3859 | D:5      | Entered Level 5 of the Dungeon
  3900 | D:5      | Reached skill level 7 in Maces & Flails
  4216 | D:5      | Noticed a slave
  4216 | D:5      | Noticed Pikel
  4217 | D:5      | Noticed a slave
  4217 | D:5      | Noticed a slave
  4217 | D:5      | Noticed a slave
  4252 | D:5      | Killed Pikel
  4252 | D:5      | Reached skill level 9 in Maces & Flails
  4252 | D:5      | Reached XP level 7. HP: 19/41 MP: 7/7
  4252 | D:5      | Reached XP level 8. HP: 22/46 MP: 8/8
  4592 | D:5      | Found Luvimug's Weapon Shop.
  4882 | D:5      | Found a staircase to the Ecumenical Temple.
  4914 | Temple   | Entered the Ecumenical Temple
  4986 | Temple   | Became a worshipper of Warmaster Okawaru
  5480 | D:6      | Reached skill level 10 in Maces & Flails
  5617 | D:6      | Reached * piety under Okawaru
  5844 | D:6      | Noticed Prince Ribbit
  5981 | D:6      | Killed Prince Ribbit
  6273 | D:6      | Reached skill level 11 in Maces & Flails
  6273 | D:6      | Reached XP level 9. HP: 49/51 MP: 9/9
  6331 | D:6      | Noticed Maggie
  6353 | D:6      | Killed Maggie
  6845 | D:7      | Reached skill level 12 in Maces & Flails
  7045 | D:7      | Reached ** piety under Okawaru
  7577 | D:7      | Reached skill level 13 in Maces & Flails
  7866 | D:7      | Found a sacrificial altar of Ru.
  8062 | D:8      | Got a sparkling glass ring
  8063 | D:8      | Identified the ring of Fycuhues {rPois MR+} (You found it
                  | on level 8 of the Dungeon)
  8344 | D:8      | Reached *** piety under Okawaru
  8344 | D:8      | Reached XP level 10. HP: 35/56 MP: 10/10
  8758 | D:8      | Reached skill level 14 in Maces & Flails
  9335 | D:8      | Found a staircase to the Lair.
  9454 | Lair:1   | Entered Level 1 of the Lair of Beasts
  9494 | D:8      | Reached **** piety under Okawaru
  9494 | D:8      | Reached skill level 5 in Shields
  9571 | Lair:1   | Noticed a black mamba
  9702 | Lair:1   | Killed a black mamba
 10395 | Lair:1   | Noticed a spiny frog
 10395 | Lair:1   | Noticed a spiny frog
 10429 | Lair:1   | Killed a spiny frog
 10429 | Lair:1   | Reached XP level 11. HP: 10/60 MP: 8/11
 10434 | Lair:1   | Reached ***** piety under Okawaru
 10916 | Lair:1   | Found a runed translucent door.
 10917 | Lair:1   | Noticed infcreate's ghost (journeyman DsAK)
 11018 | Lair:1   | Reached skill level 10 in Shields
 11189 | Lair:2   | Noticed a six-headed hydra
 11208 | Lair:1   | Killed a six-headed hydra
 11664 | Lair:2   | Found a hole to the Spider Nest.
 11673 | Lair:2   | Received a gift from Okawaru
 12057 | Lair:2   | Reached skill level 5 in Fighting
 12677 | Lair:2   | Noticed a four-headed hydra
 12699 | Lair:2   | Killed a four-headed hydra
 13249 | Lair:3   | Found a staircase to the Swamp.
 13368 | Lair:3   | Noticed a four-headed hydra
 13594 | Lair:3   | Killed a four-headed hydra
 13764 | Lair:3   | Reached XP level 12. HP: 16/72 MP: 5/12
 14505 | Lair:3   | HP: 3/75 [yak (2)]
 14539 | Lair:3   | Received a gift from Okawaru
 15663 | Lair:4   | Noticed a five-headed hydra
 15679 | Lair:4   | Killed a five-headed hydra
 16243 | Lair:4   | Got a faintly glowing ring mail
 16254 | Lair:4   | Identified the +1 ring mail "Dogahoih" {Stlth+} (You found
                  | it on level 4 of the Lair of Beasts)
 16585 | Lair:5   | Reached skill level 10 in Fighting
 16855 | Lair:5   | Noticed a six-headed hydra
 16882 | Lair:5   | Killed a six-headed hydra
 17194 | Lair:5   | Noticed a four-headed hydra
 17212 | Lair:5   | Killed a four-headed hydra
 17673 | Lair:6   | Entered Level 6 of the Lair of Beasts
 17683 | Lair:6   | Noticed a death yak
 17685 | Lair:6   | Noticed a death yak
 17696 | Lair:6   | Noticed a death yak
 17696 | Lair:6   | Noticed a death yak
 17741 | Lair:6   | Killed a death yak
 17749 | Lair:6   | Reached XP level 13. HP: 29/84 MP: 8/13
 17759 | Lair:6   | HP: 3/84 [death yak (17)]
 17797 | Lair:5   | HP: 3/84 [death yak (10)]
 17799 | Lair:5   | Mangled by a death yak

Illustrated notes

Levels and vault maps discovered:
D:1:      shiori_arrival_maze, layout_loops_cross,
          chequers_serial_rivers_micro_e, chequers_serial_rivers_micro_a
D:2:      layout_loops_ring
D:3:      layout_basic, nicolae_ashenzari_panopticon
D:4:      layout_rooms
D:5:      layout_basic, temple_hall, first_ration, serial_shops,
          nicolae_shop_temple_entry_statues_fountains, uniq_pikel
D:6:      layout_loops_cross, uniq_prince_ribbit1, uniq_maggie
D:7:      layout_layer_cave, nicolae_ru_great_annihilating_truth
D:8:      layout_basic, grunt_lair_entry_orc_guard_hut
Temple:   compressed_dpeg_triangle_lava_temple
Lair:1:   layout_hall_layers, ebering_ghost_inner_flame
Lair:2:   layout_long_grid, spider_nest_entry_a
Lair:3:   layout_misc_corridors, swamp_mist_pool, st_stairs_13
Lair:4:   layout_loops_ring, lemuel_fruit_tree
Lair:5:   wander_river, layout_long_grid, lookout_lair_type, minivault_25,
          wad_woods_road_06, serial_bayou_shore_b
Lair:6:   due_jungle_book, layout_loops_ring, minmay_slime_entry_pillars,
          grunt_megastairs_3

Skill      XL: |  1  2  3  4  5  6  7  8  9 10 11 12 13 |
---------------+----------------------------------------+-----
Maces & Flails | 3 4 5 6 9 11 13 14 | 14.0
Shields        | 9 11 13 | 13.9
Fighting       | 7 10 11 | 11.0
Armour         | |  3.2

Action                   |  1- 3 |  4- 6 |  7- 9 | 10-12 | 13-15 || total
-------------------------+-------+-------+-------+-------+-------++-------
Melee: Flail             |   193 |   344 |     6 |       |       ||   543
       Whip              |       |       |   386 |  1292 |    31 ||  1709
Invok: Heroism           |       |       |       |     4 |       ||     4
       Finesse           |       |       |       |     3 |       ||     3
  Use: Scroll            |       |     5 |     4 |    10 |       ||    19
       Potion            |       |     1 |       |     5 |     2 ||     8
 Stab: Invisible         |       |       |     1 |       |       ||     1
  Eat: Chunk             |     1 |    10 |    14 |    22 |       ||    47
       Ration            |       |       |     2 |     2 |       ||     4
Armor: Scale mail        |   105 |    41 |       |       |       ||   146
       Chain mail        |       |   295 |   142 |   300 |       ||   737
       Plate armour      |       |       |       |   124 |    12 ||   136
Dodge: Dodged            |    71 |   113 |    46 |   202 |     1 ||   433
Block: Kite shield       |   124 |   195 |   125 |   511 |    10 ||   965
